 Dungeon Crawl Stone Soup version 0.20-a0-949-g916514f (webtiles) character file.

60008 4thArraOfDagon the Destroyer (level 14, 0/85 HPs)
             Began as a Mummy Ice Elementalist on Apr 3, 2017.
             Was an Initiate of Gozag.
             Slain by an unseen horror (5 damage)
             ... on level 13 of the Dungeon on Apr 4, 2017.
             The game lasted 02:08:35 (23419 turns).

4thArraOfDagon the Destroyer (MuIE)                Turns: 23419, Time: 02:08:36

Health: 0/85       AC:  5    Str: 19    XL:     14   Next: 55%
Magic:  32/38      EV: 12    Int: 26    God:    Gozag
Gold:   1277       SH:  0    Dex: 16    Spells: 8/35 levels left

rFire    x . .     SeeInvis .   s - staff of energy {!a}
rCold    . . .     Gourm    .   (no shield)
rNeg     + + +     Faith    .   I - +2 robe {MR+}
rPois    ∞         Spirit   .   n - +0 hat {MR+}
rElec    .         Reflect  .   (no cloak)
rCorr    +         Harm     .   w - +0 pair of gloves
MR       +++..                  W - -1 pair of boots of Youthful Indiscretion {rC- rCorr Int+3 Stlth+} (curse)
Stlth    ++++......             X - amulet of regeneration
Regen    0.7/turn               R - ring "Cologam" {Wiz rN+ MP+9 Str+4}
MPRegen  0.3/turn               y - ring of Catuuhas {Str+4 Int+3 Dex+4 Stlth+}

@: no status effects
A: no food or potions, fire vulnerability, cold resistance 1, negative energy
resistance 3, torment resistance, unbreathing, in touch with death 1
a: Potion Petition, Call Merchant, Bribe Branch, Renounce Religion


You were on level 13 of the Dungeon.
You worshipped Gozag.
Gozag was most pleased with you.
You were not hungry.

You visited 3 branches of the dungeon, and saw 21 of its levels.
You also visited: Labyrinth.

You collected 8328 gold pieces.
You spent 3619 gold pieces at shops.
You paid 3432 gold pieces to Gozag.

Inventory:

Hand Weapons
 c - a +0 dagger of chaos
 d - a +1 whip
 j - a +0 dagger of electrocution
 F - a +0 blowgun
 L - the +3 rapier of Tumult {pierce, Dex+4}
   (You found it on level 3 of the Lair of Beasts)

   It inflicts extra damage upon your enemies.
   It affects your dexterity (+4).
Missiles
 f - 15 curare-tipped needles
Armour
 k - a +0 animal skin
 n - a +0 hat of magic resistance (worn)
 w - a +0 pair of gloves (worn)
 I - a +2 robe of magic resistance (worn)
 U - a +1 robe of fire resistance
 W - the cursed -1 pair of boots of Youthful Indiscretion (worn) {rC- rCorr Int+3 Stlth+}
   (You bought it in a shop on level 10 of the Dungeon)

   It affects your intelligence (+3).
   It makes you vulnerable to cold.
   It protects you from acid and corrosion.
   It makes you more stealthy.
   It has a curse placed upon it.
Magical Staves
 l - an uncursed staff of air
 s - an uncursed staff of energy (weapon) {!a}
Jewellery
 p - an uncursed ring of wizardry
 v - an uncursed ring of ice
 x - an uncursed ring of ice
 y - the ring of Catuuhas (right hand) {Str+4 Int+3 Dex+4 Stlth+}
   (You bought it in a shop on level 10 of the Dungeon)

   [ring of intelligence]

   It affects your strength (+4).
   It affects your intelligence (+3).
   It affects your dexterity (+4).
   It makes you more stealthy.
 A - an uncursed ring of protection from fire
 G - an uncursed ring of wizardry
 R - the ring "Cologam" (left hand) {Wiz rN+ MP+9 Str+4}
   (You bought it in a shop on level 10 of the Dungeon)

   [ring of wizardry]

   It improves your spell success rate.
   It affects your strength (+4).
   It protects you from negative energy.
   It affects your magic capacity (+9).
 X - an amulet of regeneration (around neck)
Wands
 a - a wand of iceblast (7/15)
 e - a wand of acid (2/15)
 h - a wand of paralysis (5/24)
 u - a wand of lightning (7/15)
 C - a wand of disintegration (12/24)
 E - a wand of paralysis (1/24)
 H - a wand of confusion (27/48)
 J - a wand of acid (7/15)
 N - a wand of disintegration (9/24)
 P - a wand of digging (14/24)
 S - a wand of acid (6/15)
 V - a wand of iceblast (5/15)
Scrolls
 b - 3 scrolls of teleportation
 g - 7 scrolls of enchant weapon
 i - 5 scrolls of immolation
 m - 12 scrolls of remove curse
 q - 4 scrolls of amnesia
 r - 2 scrolls of identify
 t - 4 scrolls of enchant armour
 z - a scroll of brand weapon
 B - 5 scrolls of magic mapping
 M - 2 scrolls of blinking
 Q - a scroll of recharging
 T - a scroll of noise
Books
 o - a book of Ice

   Spells                             Type                      Level
   a - Ice Form                       Ice/Transmutation            4
   b - Metabolic Englaciation         Hexes/Ice                    5
   c - Ozocubu's Refrigeration        Ice                          6
   d - Bolt of Cold                   Conjuration/Ice              6
   e - Freezing Cloud                 Conjuration/Ice/Air          6
   f - Simulacrum                     Ice/Necromancy               6
Miscellaneous
 D - a crystal ball of energy
 K - a phantom mirror
 O - a fan of gales


   Skills:
 - Level 1.5 Dodging
 - Level 1.5 Stealth
 + Level 11.2 Spellcasting
 * Level 12.5 Conjurations
 - Level 3.0 Translocations
 * Level 12.5 Ice Magic
 - Level 10.0 Evocations


You had 8 spell levels left.
You knew the following spells:

 Your Spells              Type           Power        Failure   Level  Hunger
a - Freeze                Ice            ####         1%          1    N/A
c - Throw Icicle          Conj/Ice       ######..     1%          4    N/A
d - Summon Ice Beast      Ice/Summ       #####...     1%          4    N/A
e - Blink                 Tloc           N/A          1%          2    N/A
f - Passage of Golubria   Tloc           N/A          6%          4    N/A
g - Bolt of Cold          Conj/Ice       ######....   1%          6    N/A
h - Freezing Cloud        Conj/Ice/Air   ######....   9%          6    N/A

Dungeon Overview and Level Annotations

Branches:
Dungeon (13/15)            Temple (0/1) D:5            Lair (6/6) D:8
 Shoals (0/4) Lair:3       Spider (0/4) Lair:2        Slime (0/5) Lair:6
    Orc (2/2) D:10            Elf (0/3) Orc:2
 Vaults: D:13-14

Altars:
Ashenzari
Cheibriados
Dithmenos
Fedhas
Gozag
Hepliaklqana
Kikubaaqudgha
Makhleb
Qazlal
Ru
Sif Muna
Trog
Vehumet
Wu Jian
Xom
Yredelemnul
The Shining One
Beogh
Jiyva

Shops:
D:10 (:=[[   Orc:2 (?*

Annotations:
D:4 derval's ghost, novice GrEE
D:5 Paps's ghost, novice MiFi
D:6 exclusion: zombie, Koga's ghost, novice OpAs
D:11 hittemvvvvvhard's ghost, journeyman CeFi; zhorgal's ghost, journeyman VSFi
D:12 1 runed door, 4thArraOfDagon's ghost, novice OpCj; Rupert
Lair:1 Erica; kr4n3x's ghost, journeyman GrFi
Lair:6 1 runed door
Orc:2 Saint Roka


Innate Abilities, Weirdness & Mutations

You do not eat or drink.
Your flesh is vulnerable to fire.
You are immune to poison.
Your flesh is cold resistant. (rC+)
You are immune to negative energy. (rN+++)
You are immune to unholy pain and torment.
You can survive without breathing.
You are in touch with the powers of death.


Message History

Something hits you. Something hits you. Something hits you! Something hits you.
Something hits you. Something hits you but does no damage. Something hits you!
Something hits you.
Casting: Throw Icicle
Confirm with . or Enter, or press ? or * to list all spells.
Okay, then.
Unknown command.
Casting: Throw Icicle
Confirm with . or Enter, or press ? or * to list all spells.
Aiming: Freezing Cloud
Press: ? - help, Dir - move target cursor That beam is likely to hit you.
Continue anyway?
You are engulfed in freezing vapours.
* * * LOW HITPOINT WARNING * * *
Something hits you.
You die...
Your body crumbles into a pile of gold.

##.$...........##
#...............#
#...............#
###..............
##.............
###...§§.....(
####§§§.....
##§####... #####@.#
#########.....##
##.............####
#.................####
#......<.............#
##...................#
#...................##
#........)...........#
##...................#


There were no monsters in sight!

Vanquished Creatures
  A minotaur (Lab)
  7 hydras
  A catoblepas (Lair:3)
  6 two-headed ogres
  3 orc high priests (Orc:2)
  Sonja (D:10)
  Nergalle (Lair:1)
  A swamp dragon (Lair:6)
  An orc knight (Orc:2)
  3 ugly things
  A cyclops (Orc:1)
  3 orc sorcerers
  10 elephants
  Maurice (Orc:2)
  Joseph (D:9)
  A torpor snail (Lair:3)
  A black mamba (Lair:5)
  2 rime drakes
  14 spiny frogs
  9 komodo dragons
  3 trolls
  6 polar bears
  Prince Ribbit (D:7)
  A hornet (Lair:2)
  7 dream sheep (Lair:6)
  3 blink frogs (Lair:6)
  6 hippogriffs
  A spriggan (D:11)
  A shadow (D:12)
  A wyvern (Lair:5)
  A fire elemental (D:12)
  2 basilisks
  57 yaks
  3 hungry ghosts
  2 steam dragons (Lair:6)
  A warg (Orc:2)
  2 acid dragons (Lair:6)
  12 water moccasins
  8 porcupines
  A hell hound (D:8)
  A swamp drake (Lair:6)
  5 black bears
  2 sky beasts
  An ice beast (D:11)
  36 orc warriors
  3 necrophages (D:8)
  5 wolves (Lair:4)
  4 boggarts (Lair:4)
  10 ogres
  6 phantoms
  A centaur (D:6)
  11 crocodiles
  18 bullfrogs
  A big kobold (D:11)
  2 wyvern zombies
  5 scorpions
  22 wights
  A howler monkey (D:9)
  9 crimson imps
  2 quasits
  3 bullfrog zombies
  5 bullfrog skeletons
  6 hounds
  19 orc priests
  19 orc wizards
  3 centaur skeletons
  Ijyb (D:4)
  6 worker ants
  6 iguanas
  A statue (D:5)
  2 killer bee zombies
  A hound skeleton (D:5)
  A mummy (D:8)
  2 howler monkey zombies
  Robin (D:2)
  A howler monkey skeleton (D:9)
  A worker ant zombie (D:6)
  12 adders
  A river rat (Lair:1)
  3 shadow imps
  An ooze (D:3)
  An adder skeleton (D:9)
  3 worms
  A dart slug (D:1)
  6 leopard geckos
  120 orcs
  8 bats
  12 giant cockroaches
  14 goblins
  13 hobgoblins
  20 jackals
  15 kobolds
  6 quokkas
  2 ball pythons
  6 frilled lizards
  A giant cockroach zombie (D:5)
  A leopard gecko zombie (D:6)
  A quokka zombie (D:8)
  9 rats
666 creatures vanquished.

Vanquished Creatures (collateral kills)
  Gastronok (D:9)
  A hydra (Lair:3)
  2 cyclopes
  Psyche (D:9)
  A hell hound (D:8)
  A porcupine (Lair:1)
  A centaur (D:9)
  A bullfrog (Lair:1)
  6 killer bees (D:9)
  2 wights (D:9)
  A plant (Lair:1)
18 creatures vanquished.

Vanquished Creatures (others)
  A quokka (D:4)
  11 fungi
  7 plants
  2 withered plants (D:8)
21 creatures vanquished.

Grand Total: 705 creatures vanquished

Notes
Turn   | Place    | Note
-------+----------+-------------------------------------------
     0 | D:1      | 4thArraOfDagon the Mummy Ice Elementalist began the quest for the Orb.
     0 | D:1      | Reached XP level 1. HP: 13/13 MP: 4/4
   173 | D:2      | Found an ornate altar of the Wu Jian Council.
   186 | D:2      | Reached XP level 2. HP: 9/19 MP: 3/6
   210 | D:2      | Learned a level 2 spell: Throw Frost
   233 | D:2      | Reached skill level 1 in Conjurations
   358 | D:3      | Found a shattered altar of Ashenzari.
   358 | D:3      | Found an opulent altar of Gozag.
   373 | D:3      | Became a worshipper of Gozag Ym Sagoz the Greedy
   393 | D:2      | Reached XP level 3. HP: 12/24 MP: 1/8
   904 | D:1      | Reached XP level 4. HP: 11/30 MP: 5/9
  1187 | D:2      | Learned a level 4 spell: Throw Icicle
  1322 | D:3      | Found a shimmering altar of Xom.
  1395 | D:3      | Noticed Robin
  1418 | D:3      | Found a burning altar of Makhleb.
  1422 | D:3      | Reached XP level 5. HP: 24/35 MP: 5/11
  2004 | D:2      | Killed Robin
  2208 | D:4      | Noticed an ogre
  2221 | D:4      | Noticed Ijyb
  2556 | D:3      | Found a hazy altar of Hepliaklqana.
  2751 | D:3      | Reached XP level 6. HP: 38/41 MP: 12/12
  2908 | D:5      | Entered Level 5 of the Dungeon
  3099 | D:5      | Noticed Paps's ghost (novice MiFi)
  3107 | D:4      | Noticed derval's ghost (novice GrEE)
  3852 | D:4      | Reached XP level 7. HP: 32/46 MP: 0/14
  4205 | D:4      | Found a sacrificial altar of Ru.
  4230 | D:4      | Killed Ijyb
  4230 | D:4      | Reached skill level 5 in Spellcasting
  4347 | D:8      | Found a stormy altar of Qazlal.
  4351 | D:8      | Found a staircase to the Lair.
  4570 | D:7      | Found a bloodstained altar of Trog.
  4574 | D:7      | Found a bloodstained altar of Trog.
  4630 | D:6      | Noticed Koga's ghost (novice OpAs)
  4868 | D:7      | glosham: what a shame :-)
  4868 | D:7      | Reached skill level 1 in Evocations
  4945 | D:7      | Noticed a hungry ghost
  4945 | D:7      | :(
  5067 | D:9      | Noticed a two-headed ogre
  5237 | D:9      | Reached XP level 8. HP: 44/52 MP: 2/15
  5883 | D:10     | Entered Level 10 of the Dungeon
  5956 | D:9      | Noticed Psyche
  6132 | D:7      | Reached skill level 5 in Ice Magic
  6132 | D:7      | Reached skill level 5 in Evocations
  6352 | D:7      | Reached skill level 5 in Conjurations
  6509 | D:7      | Reached XP level 9. HP: 57/57 MP: 3/16
  6610 | D:7      | Noticed Prince Ribbit
  6618 | D:7      | Killed Prince Ribbit
  7076 | D:6      | Learned a level 4 spell: Summon Ice Beast
  7253 | D:6      | Found a deep blue altar of Sif Muna.
  7633 | D:5      | Found a basalt altar of Yredelemnul.
  8080 | D:5      | Found a staircase to the Ecumenical Temple.
  8131 | D:5      | Found a radiant altar of Vehumet.
  8831 | D:8      | Reached XP level 10. HP: 36/63 MP: 2/17
  9657 | D:9      | Found a snail-covered altar of Cheibriados.
  9879 | D:9      | Noticed a two-headed ogre
  9966 | D:9      | Killed a two-headed ogre
 10090 | D:9      | Found a glowing golden altar of the Shining One.
 10153 | D:9      | Noticed Gastronok
 10161 | D:9      | Found a blossoming altar of Fedhas.
 10162 | D:9      | Killed Psyche
 10241 | D:9      | Killed Gastronok
 10287 | D:9      | Found a shadowy altar of Dithmenos.
 10297 | D:9      | Found an ancient bone altar of Kikubaaqudgha.
 10324 | D:9      | Noticed Joseph
 10490 | D:9      | Reached XP level 11. HP: 28/68 MP: 7/21
 10708 | D:10     | Found Nuyxit's Armour Shop.
 10839 | D:10     | Noticed a two-headed ogre
 10847 | D:10     | Killed a two-headed ogre
 10954 | D:10     | Noticed Sonja
 10967 | D:10     | Killed Sonja
 11104 | D:10     | Found a roughly hewn altar of Beogh.
 11170 | D:10     | Found a staircase to the Orcish Mines.
 11412 | D:11     | Noticed hittemvvvvvhard's ghost (journeyman CeFi)
 11473 | D:12     | Noticed a green ugly thing
 11579 | D:11     | Learned a level 2 spell: Blink
 11584 | D:11     | Learned a level 4 spell: Passage of Golubria
 11603 | D:11     | Noticed a two-headed ogre
 11604 | D:11     | Killed a two-headed ogre
 11715 | D:12     | Killed a green ugly thing
 11906 | D:12     | Noticed 4thArraOfDagon's ghost (novice OpCj)
 11968 | D:12     | Noticed an angel
 12048 | D:12     | Found a runed door.
 12223 | D:12     | Noticed Rupert
 12248 | D:12     | Noticed a green ugly thing
 12266 | D:12     | Killed a green ugly thing
 12449 | D:13     | Noticed a two-headed ogre
 12450 | D:13     | Noticed a purple ugly thing
 12453 | D:13     | Killed a two-headed ogre
 12461 | D:13     | Killed a purple ugly thing
 12710 | D:11     | Noticed zhorgal's ghost (journeyman VSFi)
 12752 | D:11     | Found a stormy altar of Qazlal.
 13485 | D:8      | Noticed a two-headed ogre
 13490 | D:8      | Killed a two-headed ogre
 13490 | D:8      | Reached skill level 1 in Translocations
 13490 | D:8      | Reached XP level 12. HP: 74/74 MP: 11/24
 13538 | D:9      | Killed Joseph
 13649 | Orc:1    | Entered Level 1 of the Orcish Mines
 13654 | D:10     | Bought a book of Ice for 1040 gold pieces
 13662 | D:10     | Learned a level 6 spell: Bolt of Cold
 13702 | D:10     | Bought the ring of Catuuhas {Str+4 Int+3 Dex+4 Stlth+} for 676 gold pieces
 13959 | Lair:1   | Entered Level 1 of the Lair of Beasts
 13959 | Lair:1   | Noticed Nergalle
 13978 | Lair:1   | Killed Nergalle
 14347 | Lair:1   | Noticed Erica
 14482 | Lair:1   | Noticed kr4n3x's ghost (journeyman GrFi)
 14759 | Lair:2   | Noticed a six-headed hydra
 14766 | Lair:2   | Killed a six-headed hydra
 14837 | Lair:2   | Noticed a seven-headed hydra
 14841 | Lair:2   | Killed a seven-headed hydra
 14925 | Lair:3   | Found a staircase to the Shoals.
 15074 | Lair:3   | Noticed an eight-headed hydra
 15081 | Lair:3   | Killed an eight-headed hydra
 15234 | Lair:3   | Got a fine rapier
 15245 | Lair:3   | Identified the +3 rapier of Tumult {pierce, Dex+4} (You found it on level 3 of the Lair of Beasts)
 15336 | Lair:3   | Reached skill level 10 in Conjurations
 15336 | Lair:3   | Reached skill level 10 in Evocations
 15607 | Lair:3   | Noticed a four-headed hydra
 15614 | Lair:3   | Killed a four-headed hydra
 15614 | Lair:3   | Reached skill level 10 in Ice Magic
 15651 | Lair:3   | Learned a level 6 spell: Freezing Cloud
 15993 | Lair:5   | Found a labyrinth entrance.
 16002 | Lab      | Entered a labyrinth
 16003 | Lab      | Upgraded the game from 0.20-a0-947-g2784f4f to 0.20-a0-949-g916514f
 16713 | Lab      | Noticed a minotaur
 16741 | Lab      | Killed a minotaur
 16741 | Lab      | Gained mutation: You are in touch with the powers of death. [Mummy growth]
 16741 | Lab      | Reached XP level 13. HP: 44/79 MP: 3/26
 16770 | Lab      | Got a glittering lapis lazuli ring
 16773 | Lair:5   | Identified the ring "Xuolavergh" {MR+ MP+9 EV+1} (You found it in a labyrinth)
 16822 | Lair:6   | Entered Level 6 of the Lair of Beasts
 17409 | Lair:5   | Got a brightly glowing scythe
 17410 | Lair:5   | Identified the +2 scythe of Causality {holy, +Rage Str+5} (You found it on level 5 of the Lair of Beasts)
 17975 | Lair:4   | Reached skill level 10 in Spellcasting
 18498 | D:10     | Bought the ring "Cologam" {Wiz rN+ MP+9 Str+4} for 1096 gold pieces
 18731 | Lair:2   | Found a hole to the Spider Nest.
 19547 | Lair:6   | Reached XP level 14. HP: 85/85 MP: 21/29
 19687 | Lair:6   | Found a runed door.
 19688 | Lair:6   | Found a viscous altar of Jiyva.
 19689 | Lair:6   | Noticed an acid blob
 19690 | Lair:6   | Noticed an acid blob
 19690 | Lair:6   | Found a staircase to the Slime Pits.
 20743 | Orc:1    | magipi: go mummy, go! :D
 21092 | Orc:2    | Entered Level 2 of the Orcish Mines
 21106 | Orc:2    | 4thArraOfDagon: :)
 21106 | Orc:2    | 4thArraOfDagon: i literally dont know how to win mummy
 21116 | Orc:2    | Found a roughly hewn altar of Beogh.
 21134 | Orc:2    | magipi: so mummies can potion petition?
 21250 | Orc:2    | Found a roughly hewn altar of Beogh.
 21441 | Orc:2    | Found a roughly hewn altar of Beogh.
 21559 | Orc:2    | Found a staircase to the Elven Halls.
 21580 | Orc:2    | Found a roughly hewn altar of Beogh.
 21685 | Orc:2    | Found a roughly hewn altar of Beogh.
 21711 | Orc:2    | Found a roughly hewn altar of Beogh.
 21712 | Orc:2    | Found Udgheoba's Assorted Antiques.
 21769 | Orc:2    | Bought a scroll of magic mapping for 77 gold pieces
 21772 | Orc:2    | 4thArraOfDagon: they can!
 21788 | Orc:2    | Found a roughly hewn altar of Beogh.
 21877 | Orc:2    | Found a roughly hewn altar of Beogh.
 21878 | Orc:2    | Noticed Maurice
 22067 | Orc:2    | Found Tehub's Magic Scroll Shop.
 22086 | Orc:2    | Bought a scroll of teleportation for 42 gold pieces
 22086 | Orc:2    | Bought a scroll of magic mapping for 49 gold pieces
 22089 | Orc:2    | Bought a scroll of noise for 14 gold pieces
 22456 | Orc:2    | Noticed Saint Roka
 22894 | Orc:2    | Killed Maurice
 22929 | Orc:2    | Found Xutiti's Antique Weapon Shop.
 22931 | Orc:2    | Found a roughly hewn altar of Beogh.
 22934 | Orc:2    | Found Ryomuoci's Antique Armour Boutique.
 23017 | D:10     | magipi: those shops...
 23019 | D:10     | 4thArraOfDagon: all horrible
 23019 | D:10     | 4thArraOfDagon: :(
 23019 | D:10     | Bought the cursed -1 pair of boots of Youthful Indiscretion {rC- rCorr Int+3 Stlth+} for 145 gold pieces
 23027 | D:10     | Bought an uncursed amulet of regeneration for 480 gold pieces
 23419 | D:13     | Slain by an unseen horror

Vault maps used:
D:1:      kennysheep_arrival_forest
D:2:      lemuel_round_altar, first_bread
D:3:      grunt_temple_overflow_champion_of_chaos, overflow_temple_1_default,
          chequers_temple_overflow_statue_of_worship, serial_glass,
          glass_columns_a, glass_columns_a, uniq_robin
D:4:      nicolae_ru_awakened_eye, uniq_iyjb
D:5:      yredelemnul_altar_generic, vehumet_statue, temple_pool_b
D:6:      kennysheep_spiral_hall, old_standard_altar
D:7:      basic_altar, minivault_14, trog_ov_bears_minmay, uniq_prince_ribbit1
D:8:      grunt_qazlal_clouds, minmay_lair_entry_lava, serial_undead,
          serial_undead_d, serial_undead_e, serial_undead_a, serial_undead_c,
          serial_undead_c, serial_undead_c, serial_undead_f
D:9:      grunt_temple_overflow_growth_and_decay, lemuel_round_altar,
          old_standard_altar, nicolae_dithmenos_shadow_blocks, uniq_psyche,
          uniq_joseph, uniq_gastronok
D:10:     david_orc_5, serial_shops, kennysheep_little_box, uniq_sonja
D:11:     basic_altar, serial_column_ruins, column_ruins_grid_4,
          column_ruins_columns_dead_end, column_ruins_grid_1,
          column_ruins_columns_straight, column_ruins_open_tiny, the_bakery,
          minmay_misc_feat_room
D:12:     serial_shops, shop, lemuel_angel_altar, uniq_rupert, uniq_azrael
D:13:     uniq_erolcha
Lair:1:   pond, uniq_nergalle, uniq_erica
Lair:2:   nicolae_spider_entry_non_spiders, grunt_megastairs_5
Lair:3:   shoals_dummy_entry, kennysheep_catoblepas_arena,
          infiniplex_staircase_pool, grunt_megastairs_4
Lair:4:   kilobyte_rumbling_trees
Lair:5:   lab_entry_generic, grunt_megastairs_3, lemuel_fruit_tree
Lair:6:   guppyfry_lair_end_dragon, slime_altar_2
Orc:2:    grunt_orc_community_town_hall, grunt_orc_community_big_house_1,
          grunt_orc_community_big_house_1, grunt_orc_community_house_3,
          grunt_orc_community_house_2, grunt_orc_community_house_3,
          grunt_orc_community_house_1, grunt_orc_community_house_3,
          grunt_orc_community_house_3, basic_altar, uniq_maurice

Skill      XL: |  1  2  3  4  5  6  7  8  9 10 11 12 13 14 |
---------------+-------------------------------------------+-----
Spellcasting   | 3 4 5 6 8 9 11 | 11.2
Conjurations   | 1 2 3 4 5 6 7 9 10 11 12 | 12.5
Ice Magic      | 3 4 5 7 8 9 10 11 12 | 12.5
Evocations     | 3 5 7 8 9 10 | 10.0
Translocations | 1 3 |  3.0
Dodging        | |  1.5
Stealth        | |  1.5

Action                   |  1- 3 |  4- 6 |  7- 9 | 10-12 | 13-15 || total
-------------------------+-------+-------+-------+-------+-------++-------
Melee: Unarmed           |     3 |       |       |       |       ||     3
       Whip              |    25 |     4 |       |       |       ||    29
       Dagger            |       |    77 |    99 |    19 |       ||   195
 Cast: Freeze            |    72 |   116 |   106 |    86 |    77 ||   457
       Throw Frost       |       |     9 |     9 |    11 |       ||    29
       Throw Icicle      |       |     7 |   129 |   282 |   303 ||   721
       Summon Ice Beast  |       |       |       |    31 |       ||    31
       Blink             |       |       |       |     2 |     3 ||     5
       Bolt of Cold      |       |       |       |    13 |    76 ||    89
       Freezing Cloud    |       |       |       |     1 |    27 ||    28
Invok: Call Merchant     |       |       |       |     2 |     2 ||     4
Evoke: Staff of energy   |       |       |   205 |   487 |   578 ||  1270
       Wand              |       |       |    14 |     9 |     1 ||    24
  Use: Scroll            |     2 |     8 |     8 |    19 |     7 ||    44
 Stab: Sleeping          |       |     1 |       |       |       ||     1
       Paralysed         |       |       |    19 |     8 |       ||    27
       Distracted        |       |       |     1 |       |       ||     1
Armor: Robe              |    21 |    21 |       |     2 |    26 ||    70
       Animal skin       |       |    15 |    36 |    15 |       ||    66
Dodge: Dodged            |    60 |   131 |   151 |    84 |    85 ||   511
